Map: New Repugnancy LE

Players

herO - Winner!

  • Race: Protoss Protoss
  • Spawn Location: 7:00

Trap

  • Race: Protoss Protoss
  • Spawn Location: 1:00

Event: IEM Season 13: Katowice (2019)

VOD

Have the link to the VOD?

Description

Time

  • Played on: March 2, 2019, 5:46 a.m.
  • Length: 7:57

All games in this series

Show
View Real Time Build Order
Export as new Build Order

herO Protoss - Winner!

Build Orders:  

Get SALT Encoding   

  12  0:00  Probe  
  13  0:12  Probe  
  14  0:17  Pylon  
  14  0:23  Probe  
  15  0:31  Probe  
  16  0:38  Gateway  
  16  0:39  Probe  
  16  0:47  Assimilator  
  17  0:50  Probe  
  18  0:57  Assimilator  
  18  0:58  Probe  
  19  1:07  Probe  
  19  1:08  Gateway  
  20  1:19  Probe  
  20  1:25  Cybernetics Core  
  21  1:31  Probe  
  22  1:36  Pylon  
  22  1:43  Probe  
  23  1:51  Warp Gate  
  23  2:01  Stalker x2  
  27  2:04  Pylon  
  27  2:21  Probe  
  28  2:31  Stalker x2  
  28  2:35  Gateway  
  32  2:45  Robotics Facility  
  32  3:01  Stalker x2  
  35  3:21  Nexus  
  35  3:22  Probe  
  36  3:29  Pylon  
  36  3:32  Observer  
  37  3:34  Probe  
  38  3:46  Probe  
  39  3:49  Pylon  
  39  3:50  Sentry  
  39  3:53  Immortal  
  41  4:05  Probe  
  45  4:10  Sentry  
  45  4:16  Pylon  
  47  4:18  Probe  
  47  4:21  Sentry  
  47  4:23  Warp Prism  
  52  4:44  Adept x2  
  56  4:50  Probe x2  
  50  5:18  Stalker x2  
  50  5:19  Probe x2  
  56  5:31  Probe x2  
  58  5:40  Immortal  
  58  5:41  Stalker x2  
  62  5:43  Probe x2  
  62  5:45  Phoenix  
  62  5:49  Pylon  
  68  5:56  Probe x2  
  68  6:06  Immortal  
  68  6:08  Probe  
  68  6:09  Probe  
  68  6:22  Gateway  
  68  6:23  Gateway  
  68  6:25  Sentry  
  74  6:34  Stalker  
  74  6:37  Pylon  
  76  6:41  Pylon  
  76  6:42  Observer  
  77  6:58  Stalker x2  
  45  7:35  Sentry  
Show
View Real Time Build Order
Export as new Build Order

Trap Protoss 

Build Orders: Blink Stalkers 

Get SALT Encoding   

  12  0:00  Probe  
  13  0:12  Probe  
  14  0:19  Pylon  
  14  0:24  Probe  
  15  0:34  Probe  
  15  0:39  Gateway  
  15  0:42  Probe  
  17  0:51  Probe  
  17  0:56  Assimilator  
  18  1:00  Probe, Assimilator  
  19  1:08  Probe  
  19  1:11  Gateway  
  19  1:18  Probe  
  21  1:27  Cybernetics Core  
  21  1:30  Probe  
  22  1:35  Pylon  
  22  1:42  Probe  
  23  1:54  Probe  
  24  2:03  Sentry, Stalker  
  24  2:04  Warp Gate  
  28  2:10  Pylon  
  28  2:22  Twilight Council  
  28  2:31  Stalker, Blink  
  30  2:51  Nexus  
  30  3:09  Gateway  
  30  3:12  Stalker  
  31  3:18  Stalker  
  33  3:22  Shield Battery  
  33  3:37  Pylon  
  33  3:45  Robotics Facility  
  33  3:49  Probe  
  34  3:59  Nexus  
  34  4:01  Probe  
  35  4:12  Stalker  
  35  4:15  Stalker  
  39  4:23  Stalker  
  41  4:26  Probe  
  42  4:38  Warp Prism  
  44  4:45  Pylon  
  44  4:48  Sentry  
  44  5:11  Stalker x3  
  48  5:15  Immortal  
  48  5:46  Adept  
  48  5:47  Adept, Observer  
  53  5:57  Gateway  
  53  5:59  Pylon  
  49  6:20  Sentry x2, Stalker  
  55  6:30  Nexus  
  55  6:48  Stalker x2  

Tags
 
Add a new tag
Caveats
  • Supply blocks, unpowered buildings, or Contaminate may cause inaccurate times.
  • Supply counts are checked every 10 seconds.